Unix xNetHack Version 7.1.0 - last build Jun 10 2022 16:52:22 (33bbff3b7d1ce07880d5c4b1c5efc7e91935e5b9). Game began 2022-06-14 09:32:30, ended 2022-06-14 20:11:59. bhaak, lawful female human Valkyrie ------- |.....| | ---.--- --------- |...| |.+.....| .| |.|.| ---.-----.| -.| e |.|.| |...|...[.| |B| -------------.|.--- |.--|.----| |@| |.......[.|...|...| |...|.....| |.| |.........|.-----.-----.|.---.|------.| |....<....-.| .......|.....|.|.......| e |.........|.| ------*|----.|.---.----| |.........|.| |.....|.(...|...|.....| -----------.----|...--|.-------.|----.| e ........|.....|[| |.| |...| ------- |...|.|e| |.---.--- |...|.|.| ...%...| |.-.|.|.| -------- . .|...| ------- Bhaak the Fighter St:25 Dx:15 Co:17 In:8 Wi:8 Ch:10 Lawful Dlvl:13 $:0 HP:0(76) Pw:26(26) AC:0 Exp:9 T:9809 Latest messages: You destroy the ghoul! The ettin mummy scratches you! The ettin mummy scratches you! The ettin mummy touches you! You begin to wither away! You jab the ettin mummy! The ettin mummy just misses! The ettin mummy just misses! The ettin mummy touches you! Your withering speeds up! You impale the ettin mummy! You gore the ettin mummy! Your plastic dwarvish cloak blocks the ettin mummy's attack. The ettin mummy hits! The ettin mummy touches you! You pierce the ettin mummy! The ettin mummy scratches you! The ettin mummy scratches you! The ettin mummy touches you! Your withering speeds up! You destroy the ettin mummy! What do you want to use or apply? [adhklortwyD-FILNOQUWX or ?*] a In what direction? . Status of bhaak (piously lawful): Level 9 HP 43(76) AC 0, fast. You see here a green gem. J - a green gem {1}. J - a green gem {1}. V - a yellowish brown gem {1}. You are no longer withering away. Your lantern is getting dim. The vampire bat bites! The vampire bat bites! You impale the vampire bat! The vampire bat bites! The vampire bat bites! You pierce the vampire bat! The vampire bat just misses! The vampire bat bites! You pierce the vampire bat! The vampire bat bites! The vampire bat bites! The vampire bat's bite was poisoned! Valkyrie, your life force is running out. The vampire bat bites! You die... Do you want your possessions identified? [ynq] (y) y Do you want to see your attributes? [ynq] (y) y Do you want an account of creatures vanquished? [ynaq] (y) y Do you want to see your conduct and achievements? [ynq] (y) y Do you want to see the dungeon overview? [ynq] (y) y Major events: Turn 1: bhaak the lawful human Valkyrie entered the dungeon 263: read a Discworld novel 398: attained the rank of Skirmisher (level 3) 938: entered the Gnomish Mines 1345: reached Mine Town 1523: found Sunsword in a shop 1739: attained the rank of Fighter (level 6) 3273: destroyed nmlkj's ghost, the former Conjurer 3445: destroyed nmlkj's ghost, the former Conjurer 3608: destroyed nmlkj's ghost, the former Conjurer 4783: consulted the Oracle 4929: entered Sokoban 5234: completed sokoban 1 5692: completed sokoban 2 6183: completed sokoban 3 7098: completed sokoban 4 7806: acquired the Sokoban bag of holding 9809: killed by a vampire in bat form Inventory: Inventory: 988/1000 weight (48/52 slots) Weapons b - 4 +0 daggers (at the ready) {40} g - 4 +0 silver daggers {44} C - a blessed +1 elven dagger {10} G - a +0 elven dagger {10} z - a blessed +1 orcish dagger {10} B - a corroded +1 spear (weapon in hand) {30} s - a cursed -2 silver long sword {45} Armor R - an uncursed +0 orcish helm (being worn) {23} P - an uncursed +0 pair of gauntlets of power (being worn) {23} Y - an uncursed +0 pair of glass dwarvish boots (being worn) {28} c - an uncursed burnt +3 small shield (being worn) {23} f - an uncursed +0 plastic dwarvish cloak (being worn) {15} M - a blessed +0 cloth studded armor (being worn) {100} Comestibles j - an uncursed slime mold {5} x - an uncursed egg {1} i - an uncursed lizard corpse {10} Scrolls Z - an uncursed scroll of gold detection {5} A - an uncursed scroll of identify {5} u - an uncursed scroll of magic mapping {5} p - 3 uncursed scrolls of teleportation {15} Rings T - an uncursed ring of cold resistance {3} K - an uncursed ring of free action {3} S - an uncursed ring of poison resistance {3} H - an uncursed ring of see invisible {3} Wands Q - a wand of enlightenment (0:11) {7} I - a wand of light (0:15) {7} o - a wand of polymorph (0:6) {7} N - a wand of secret door detection (0:10) {7} L - a wand of striking (0:8) {7} r - a wand of striking (0:5) {7} W - a wand of striking (0:3) {7} O - a wand of undead turning (0:4) {7} Tools w - an uncursed leather bag of holding containing 52 items {357} X - an uncursed leather drum {25} D - an expensive camera (0:55) {12} h - a blessed lantern (lit) {30} l - a blessed magic lamp {20} F - an uncursed copper pea whistle {3} k - an uncursed skeleton key {3} a - an uncursed stethoscope {4} E - an uncursed tin opener {4} t - an uncursed towel {5} d - an uncursed partly used wax candle (lit) {2} y - an uncursed partly used wax candle {2} U - an uncursed partly used wax candle {2} Gems/Stones v - an uncursed amethyst stone {1} J - 2 uncursed emeralds {2} V - an uncursed worthless piece of yellowish brown glass {1} Contents of the leather bag of holding: 3607 gold pieces an uncursed copper amulet of ESP an uncursed mithril amulet of guarding an uncursed silver amulet of reflection an uncursed +0 pair of high boots an uncursed +0 pair of jumping boots an uncursed clove of garlic 3 cursed food rations an uncursed lembas wafer an uncursed empty tin an uncursed egg 2 uncursed scrolls of create monster a cursed scroll of create monster a blessed scroll of earth an uncursed scroll of earth an uncursed scroll of enchant armor a cursed scroll of enchant weapon an uncursed scroll of genocide an uncursed scroll of identify a cursed scroll of light a blessed scroll of remove curse an uncursed spellbook of magic missile an uncursed potion of fruit juice an uncursed potion of gain ability an uncursed potion of gain level an uncursed potion of monster detection 2 uncursed potions of object detection an uncursed potion of paralysis an uncursed potion of restore ability an uncursed potion of see invisible an uncursed potion of water a blessed +1 ring of adornment an uncursed ring of poison resistance a cursed -1 ring of protection a +0 pick-axe an uncursed tallow candle an uncursed wax candle a cursed amber stone 2 uncursed black opals 2 uncursed rubies an uncursed topaz stone 4 uncursed worthless pieces of black glass 4 uncursed worthless pieces of blue glass 7 uncursed worthless pieces of green glass 4 uncursed worthless pieces of orange glass 2 uncursed worthless pieces of red glass an uncursed worthless piece of violet glass 3 uncursed worthless pieces of white glass an uncursed worthless piece of yellow glass 2 cursed worthless pieces of yellow glass 2 uncursed worthless pieces of yellowish brown glass an uncursed touchstone Bhaak the Valkyrie's attributes: Background: You were a Fighter, a level 9 human Valkyrie. You were lawful, on a mission for Tyr who was opposed by Odin (neutral) and Loki (chaotic). You were heterosexual. You were in the Gnomish Mines, on level 13. You entered the dungeon 9809 turns ago. There was a full moon in effect when your adventure ended. You had 4199 experience points, 921 more were needed to attain level 10. Basics: You had 0 out of 76 hit points. You had all 26 energy points (spell power). Your armor class was 0. Your wallet was empty. Autopickup was on for '$"?!=/' plus thrown. Final Characteristics: Your strength was 25 (base:18/01, innate limit:18/100). Your dexterity was 15 (limit:18). Your constitution was 17 (peak:18, limit:18). Your intelligence was 8 (limit:18). Your wisdom was 8 (limit:18). Your charisma was 10 (limit:18). Final Status: You were not hungry. You were unencumbered. You were wielding a spear. You had basic skill with spear and could have enhanced that. Final Attributes: You were piously aligned. You were cold resistant. You were telepathic. You were stealthy. You were warded. You were fast. You were lucky. You are dead. Miscellaneous: You encountered 2 bones levels. Total elapsed playing time was 3 hours, 8 minutes and 19 seconds. Vanquished creatures: a giant mimic a long worm a stalker a warg a winter wolf 2 small mimics a glass piercer a warhorse an ettin mummy a pyrolisk a large dog a flaming sphere 3 tigers a leather golem 2 chameleons a cockatrice 2 lynxes 3 giant spiders 2 horses 2 vampire bats a gnome ruler a rust monster an owlbear a yeti a gold golem 2 lizards a housecat a water nymph 2 ravens a Woodland-elf 3 ghosts an ape a rope golem 2 fire ants a bugbear 10 Uruk-hai 3 yellow lights 12 gnome leaders 5 gnomish wizards 3 kobold mummies a gray ooze a ghoul a straw golem a baby crocodile 5 giant ants a little dog 5 floating eyes 3 kittens 6 dwarves 2 homunculi a kobold leader 3 hill orcs 2 rothes 6 giant bats a dwarf zombie 4 iguanas an acid blob a large kobold 3 hobgoblins 5 giant rats a cave spider 2 brown molds a yellow mold 48 gnomes 6 geckos 4 jackals a fox 5 goblins a sewer rat 5 grid bugs 5 lichens 4 kobold zombies 3 newts 221 creatures vanquished. No species were genocided or became extinct. Voluntary challenges: You read items or engraved 10 times. You never genocided any monsters. You never polymorphed an object. You never changed form. You never touched an artifact. You used no wishes. You were celibate. You never generated conflict. You violated the special Sokoban rules once. Achievements: You entered a shop. You read from a Discworld novel. You attained the rank of Skirmisher. You entered the Gnomish Mines. You entered Minetown. You entered a temple. You attained the rank of Fighter. You consulted the Oracle of Delphi. You entered Sokoban. You completed Sokoban. The Dungeons of Doom: levels 1 to 9 Level 1: A tree. Level 2: A scroll shop, a sink. Level 3: A fountain. Level 4: An altar to Tyr, a tree. Stairs down to The Gnomish Mines. Level 5: A grave, a tree. Final resting place for nmlkj-Wiz-Hum-Mal-Cha, poisoned by a rotted gecko corpse. Level 6: A throne, some fountains, a sink, some graves, a tree. Final resting place for nmlkj-Wiz-Hum-Mal-Cha, killed by a housecat, nmlkj-Wiz-Hum-Mal-Cha, killed by a bugbear. Level 7: A fountain. Level 8: Many fountains. Oracle of Delphi. Level 9: Stairs up to Sokoban, level 8. The Gnomish Mines: levels 5 to 13 Level 5: Level 6: Level 7: Many shops, a temple to Tyr, some fountains. Level 8: Level 9: Level 10: Level 11: Level 12: Level 13: <- You were here. Final resting place for you, killed by a vampire in bat form. Sokoban: levels 8 up to 5 Level 5: Solved. Level 6: Solved. Level 7: Solved. Level 8: Solved. Game over: __________ / \ / REST \ / IN \ / PEACE \ / \ | bhaak | | 3607 Au | | killed by a | | vampire in bat | | form | | | | 2022 | *| * * * | * _________)/\\_//(\/(/\)/\//\/|_)_______ Farvel bhaak the Valkyrie... You died in The Gnomish Mines on dungeon level 13 with 20684 points, and 3607 pieces of gold, after 9809 moves. You were level 9 with a maximum of 76 hit points when you died.